 Dungeon Crawl Stone Soup version 0.19.5 (webtiles) character file.

208 WarriorsX the Slasher (level 6, -3/47 HPs)
             Began as a Human Fighter on Apr 9, 2017.
             Was an Initiate of Makhleb.
             Slain by an orc wizard
             ... wielding a +0 dagger
              (4 damage)
             ... on level 3 of the Dungeon.
             The game lasted 00:07:13 (2583 turns).

WarriorsX the Slasher (Human Fighter)               Turns: 2583, Time: 00:07:14

Health: -3/47      AC:  7    Str: 17 (18) XL:     6   Next: 11%
Magic:  6/6        EV:  7    Int:  8 (9)  God:    Makhleb [......]
Gold:   98         SH:  0    Dex: 10 (12) Spells: 0 memorised, 5 levels left

rFire  . . .     SeeInvis .     a - +0 long sword
rCold  . . .     Gourm    .     b - +0 scale mail
rNeg   . . .     Faith    .     c - +0 shield
rPois  .         Spirit   .     (no helmet)
rElec  .         Reflect  .     (no cloak)
rCorr  .         Harm     .     (no gloves)
MR     .....                    (no boots)
Stlth  ..........               (no amulet)
                                (no ring)
                                (no ring)

@: confused
A: no striking features
a: Renounce Religion


You were on level 3 of the Dungeon.
You worshipped Makhleb.
Makhleb was noncommittal.
You were hungry.

You visited 1 branch of the dungeon, and saw 3 of its levels.

You collected 98 gold pieces.

Inventory:

Hand Weapons
 a - a +0 long sword (weapon)
 p - a +0 spear of venom
Armour
 b - a +0 scale mail (worn)
 c - a +0 shield (worn)
Scrolls
 h - a scroll of teleportation {unknown}
 j - a scroll of enchant weapon {unknown}
 k - 3 scrolls of identify {unknown}
 m - a scroll of magic mapping {unknown}
 s - a scroll of remove curse {unknown}
 u - a scroll of recharging {unknown}
Potions
 d - a potion of might
 e - a potion of ambrosia {unknown}
 g - 2 potions of degeneration
 n - a potion of mutation {unknown}
 o - a potion of heal wounds {unknown}
 q - a potion of curing {unknown}
 r - 2 potions of haste {unknown}
 t - 2 potions of flight {unknown}
 v - a potion of magic {unknown}
 w - a potion of cancellation {unknown}
Comestibles
 f - 3 bread rations
 i - a meat ration
 l - 3 fruits


   Skills:
 + Level 3.0 Fighting
 - Level 5.0 Long Blades
 - Level 0.2 Polearms
 - Level 4.2 Armour
 - Level 3.0 Shields


You had 5 spell levels left.
You didn't know any spells.

Dungeon Overview and Level Annotations

Branches:
Dungeon (3/15)

Altars:
Cheibriados
Dithmenos
Gozag
Makhleb
Ru
The Shining One


Message History

You are more confused.
A magic dart appears from out of thin air!
The magic dart hits you!
* * * LOW HITPOINT WARNING * * *
You see here a rat skeleton.
You hear some strange, mumbled words.
You are more confused.
You see here a rat skeleton.
You feel a little less mighty now. Something hits you but does no damage.
You're too confused to move!
You hear some strange, mumbled words.
A magic dart appears from out of thin air!
The magic dart hits you!
* * * LOW HITPOINT WARNING * * *
It was a potion of degeneration.
There was something very wrong with that liquid.
You feel weakened.
You feel dopey.
You feel clumsy. Something hits you.
You die...

'.....####.....# #.8. #...(.#
#.o...###.._ #.....#
#..oo...#.8. #.##..#
##(o######.. #.....# #.>o..o.###
#.###.# ######.....
#.....####### ##.###
###+#######.##........# ###..
..........).##@.......# ###.8.
########........รท.....####.#.._
###<...........'..'.#.8.
#.)..........####.##..
#...)...###### #..### #.#######
#..{.. #.# #####. #.# #########.
#.# #.........


There were no monsters in sight!

Vanquished Creatures
  Ijyb (D:2)
  2 orc wizards
  5 adders
  An ooze (D:1)
  2 worms (D:2)
  A dart slug (D:2)
  2 leopard geckos (D:2)
  4 orcs
  3 giant cockroaches
  7 hobgoblins
  5 jackals
  6 kobolds
  A quokka (D:3)
  A ball python (D:2)
  A bat (D:1)
  5 frilled lizards
  13 goblins
  7 rats
67 creatures vanquished.

Notes
Turn   | Place    | Note
-------+----------+-------------------------------------------
     0 | D:1      | WarriorsX the Human Fighter began the quest for the Orb.
     0 | D:1      | Reached XP level 1. HP: 18/18 MP: 1/1
    94 | D:1      | Reached XP level 2. HP: 8/24 MP: 2/2
   381 | D:1      | Reached skill level 3 in Long Blades
   478 | D:1      | Reached XP level 3. HP: 29/29 MP: 3/3
   742 | D:2      | Found a sacrificial altar of Ru.
  1092 | D:2      | Reached XP level 4. HP: 24/35 MP: 4/4
  1116 | D:2      | Reached skill level 4 in Long Blades
  1139 | D:2      | Noticed Ijyb
  1168 | D:2      | Killed Ijyb
  1588 | D:2      | Reached XP level 5. HP: 38/41 MP: 5/5
  1726 | D:2      | Found a snail-covered altar of Cheibriados.
  1726 | D:2      | Found a faded altar of an unknown god.
  1733 | D:2      | Found a faded altar of an unknown god.
  1736 | D:2      | Found a faded altar of an unknown god.
  1737 | D:2      | Found a faded altar of an unknown god.
  1781 | D:2      | Reached skill level 5 in Long Blades
  2378 | D:3      | Found a glowing golden altar of the Shining One.
  2381 | D:3      | Found a burning altar of Makhleb.
  2388 | D:3      | Became a worshipper of Makhleb the Destroyer
  2394 | D:3      | Found a shadowy altar of Dithmenos.
  2397 | D:3      | Found an opulent altar of Gozag.
  2538 | D:3      | Reached XP level 6. HP: 8/47 MP: 6/6
  2582 | D:3      | HP: 1/47 [something/magic dart (7)]
  2583 | D:3      | Slain by an orc wizard

Skill      XL: |  1  2  3  4  5 |
---------------+----------------+-----
Long Blades    | 3 4 5 |  5.0
Armour         | 4 |  4.2
Fighting       | |  3.0
Polearms       | |  0.2
Shields        | |  3.0

Action                   |  1- 3 |  4- 6 || total
-------------------------+-------+-------++-------
Melee: Long sword        |    99 |   161 ||   260
       Spear             |       |     4 ||     4
  Use: Potion            |       |     2 ||     2
  Eat: Chunk             |     1 |     4 ||     5
Armor: Scale mail        |    68 |    67 ||   135
Dodge: Dodged            |    29 |    45 ||    74
Block: Shield            |    61 |    72 ||   133
       Rpst.: Long sword |    10 |    19 ||    29
